 Dungeon Crawl Stone Soup version bcrawl-1.40.3b (webtiles) character file.

Game seed: 15362183618525165210

224284 Amelense the Basher (level 7, -7/75 HPs)
             Began as an Ent Fighter on Feb 9, 2024.
             Was an Initiate of Cheibriados.
             Killed from afar by a crimson imp (8 damage)
             ... with a flame tongue
             ... on level 4 of the Dungeon.
             The game lasted 00:10:53 (3354 turns).

Amelense the Basher (Ent Fighter)                   Turns: 3354, Time: 00:10:53

Health: -7/75      AC: 14    Str: 27    XL:     7   Next: 16%
Magic:  7/7        EV: 10    Int:  9    God:    Cheibriados [......]
Gold:   118        SH:  0    Dex: 10    Spells: 6/6 levels left

rFire    . . .     GDR:     31% n - +0 giant club
rCold    . . .     SeeInvis .   (shield currently unavailable)
rNeg     + + +     Gourm    .   (armour unavailable)
rPois    +         Faith    .   (helmet restricted)
rElec    .         Spirit   .   (no cloak)
rCorr    .         Reflect  .   (gloves unavailable)
MR       .....                  (boots unavailable)
Stlth    +.........             (no amulet)
HPRegen  0.22/turn              v - ring of positive energy (curse)
MPRegen  0.10/turn              (no ring)

@: very slow
A: large, slow actions, passwall, strong branches, negative energy resistance 3,
poison resistance, slow metabolism 1, torment resistance, unbreathing, AC +14
a: Passwall, Bend Time, Renounce Religion


You were on level 4 of the Dungeon.
You worshipped Cheibriados.
Cheibriados was noncommittal.
You were full.

You visited 2 branches of the dungeon, and saw 5 of its levels.

You collected 213 gold pieces.
You spent 95 gold pieces at shops.

Inventory:

Hand Weapons
 a - a +0 flail
 n - a +0 giant club (weapon)
Armour
 b - a +0 medium shield
Jewellery
 t - an uncursed ring of attention
 v - a cursed ring of positive energy (left hand)
Scrolls
 d - a scroll of teleportation {unknown}
 f - 3 scrolls of remove curse
 g - 2 scrolls of amnesia
 h - a scroll of revelation {unknown}
 i - 2 scrolls of identify
 o - 2 scrolls of immolation
 p - a scroll of enchant weapon {unknown}
 s - a scroll of blinking {unknown}
Potions
 c - a potion of might
 j - 3 potions of agility
 k - 2 potions of haste {unknown}
 l - a potion of flight {unknown}
 m - 2 potions of curing {unknown}
 q - a potion of magic {unknown}
 r - a potion of resistance {unknown}
 u - 2 potions of mutation {unknown}
Comestibles
 e - 7 rations {!d}
 w - a chunk of flesh


   Skills:
 - Level 4.0 Fighting
 * Level 8.7 Maces & Flails
 - Level 2.6 Dodging
 - Level 1.2 Stealth
 - Level 2.9 Shields


You had 6 spell levels left.
You didn't know any spells.
Your spell library was empty.

Dungeon Overview and Level Annotations

Branches:
Dungeon (4/12)             Temple (1/1) D:4

Altars:
Cheibriados
Dithmenos
Elyvilon
Fedhas
Gozag
Hepliaklqana
Lugonu
Okawaru
Qazlal
Ru
Vehumet
Xom

Shops:
D:4 *


Innate Abilities, Weirdness & Mutations

You move and act slowly.
You can pass through walls and trees.
Your branches can wield two-handed weapons with a shield.
Your thick bark is tough. (AC +14)
You are too large for most types of armour.
You are immune to negative energy. (rN+++)
Your system is resistant to poisons. (rPois)
You have a slow metabolism.
You are immune to unholy pain and torment.
You can survive without breathing.


Message History

The two-headed ogre hits you with a +0 giant club!
You hit the two-headed ogre.
The two-headed ogre is lightly wounded.
You barely miss the crimson imp.
You hear a grinding noise.
The crimson imp barely misses you.
The two-headed ogre hits you with a cursed -3 giant spiked club!
The two-headed ogre hits you with a +0 giant club!
You thump the two-headed ogre!
The two-headed ogre is moderately wounded.
You closely miss the crimson imp. The crimson imp barely misses you.
The two-headed ogre misses you.
The two-headed ogre hits you with a +0 giant club.
The crimson imp grinds its teeth.
The crimson imp hits you. The two-headed ogre barely misses you.
The two-headed ogre hits you with a +0 giant club!!
* * * LOW HITPOINT WARNING * * *
The crimson imp breathes fire at you. The flame tongue hits you!
You die...

#..###≈#≈###(....
#..#...#...#..###
#..#.......#...)#
.########.####...####...#
...........#.......#....#..
...........#.......#....#..
.........#O5.#..........#..
.......O.#...#...#......#..
Z........#@..#...'......#..
.........#...#...#......#..
.........#...#...#......#..
.........#...#.(.#......#..
.........#...#...#......'..
#...#...#......#..
#...#...########..
#########...#.............
####...........######........


You could see a two-headed ogre and a crimson imp.

Vanquished Creatures
  A yak (D:4)
  A sky beast (D:4)
  An ogre (D:4)
  A centaur (D:4)
  2 crimson imps (D:4)
  An iguana (D:4)
  Terence (D:3)
  A worker ant (D:3)
  An adder (D:3)
  2 worms (D:2)
  3 dart slugs
  6 leopard geckos
  An orc (D:2)
  3 bats
  2 giant cockroaches (D:1)
  3 goblins
  6 hobgoblins
  3 jackals (D:3)
  4 quokkas
  A frilled lizard (D:1)
  5 kobolds
  7 rats
  A plant (D:4)
57 creatures vanquished.

Notes
Turn   | Place    | Note
-------+----------+-------------------------------------------
     0 | D:1      | Amelense the Ent Fighter began the quest for the Orb.
     0 | D:1      | Reached XP level 1. HP: 25/25 MP: 1/1
   210 | D:1      | Reached XP level 2. HP: 26/33 MP: 2/2
   855 | D:2      | Reached skill level 3 in Maces & Flails
   855 | D:2      | Reached XP level 3. HP: 33/40 MP: 3/3
  1155 | D:2      | Reached skill level 1 in Stealth
  1400 | D:2      | Found a stormy altar of Qazlal.
  1402 | D:2      | Noticed an air elemental
  1403 | D:2      | Noticed an earth elemental
  1403 | D:2      | Noticed a fire elemental
  1403 | D:2      | Noticed a water elemental
  1540 | D:3      | Reached skill level 4 in Maces & Flails
  1540 | D:3      | Reached XP level 4. HP: 43/51 MP: 4/4
  1570 | D:3      | Noticed Terence
  1579 | D:3      | Killed Terence
  1723 | D:3      | Found a radiant altar of Vehumet.
  1752 | D:3      | Noticed a shadow
  1755 | D:3      | Found a shadowy altar of Dithmenos.
  1757 | D:3      | Found a hazy altar of Hepliaklqana.
  2520 | D:4      | Reached skill level 5 in Maces & Flails
  2520 | D:4      | Reached XP level 5. HP: 17/58 MP: 5/5
  2633 | D:4      | Found a staircase to the Ecumenical Temple.
  2677 | Temple   | Entered the Ecumenical Temple
  2715 | Temple   | Became a worshipper of Cheibriados the Contemplative
  2948 | D:4      | Found a sacrificial altar of Ru.
  2948 | D:4      | Noticed an ogre
  2958 | D:4      | Killed an ogre
  2959 | D:4      | Reached skill level 6 in Maces & Flails
  2977 | D:4      | Noticed a yak
  2990 | D:4      | Killed a yak
  2991 | D:4      | Reached skill level 7 in Maces & Flails
  2991 | D:4      | Reached XP level 6. HP: 43/67 MP: 6/6
  3112 | D:4      | Found Ruemp's Assorted Antiques.
  3118 | D:4      | Bought a jade ring for 95 gold pieces
  3147 | D:4      | Reached skill level 8 in Maces & Flails
  3205 | D:4      | Noticed a sky beast
  3214 | D:4      | Killed a sky beast
  3215 | D:4      | Reached XP level 7. HP: 60/75 MP: 7/7
  3345 | D:4      | Noticed a two-headed ogre
  3353 | D:4      | HP: 1/75 [two-headed ogre/cursed -3 giant spiked club (22)]
  3354 | D:4      | Killed from afar by a crimson imp

Skill      XL: |  1  2  3  4  5  6 |
---------------+-------------------+-----
Maces & Flails | 3 4 5 7 8 |  8.7
Stealth        | 1 |  1.2
Fighting       | 4 |  4.0
Dodging        | |  2.6
Shields        | |  2.9

Action                   |  1- 3 |  4- 6 |  7- 9 || total
-------------------------+-------+-------+-------++-------
Melee: Flail             |   135 |    76 |       ||   211
       Giant club        |       |    28 |     4 ||    32
  Use: Scroll            |       |     5 |       ||     5
 Stab: Sleeping          |     1 |     1 |       ||     2
  Eat: Chunk             |     5 |     4 |       ||     9
       Ration            |       |     3 |       ||     3
Armor: Skin              |    91 |    67 |     3 ||   161
Dodge: Dodged            |    49 |    44 |     5 ||    98
Block: Medium shield     |    83 |    41 |       ||   124
